 Dungeon Crawl Stone Soup version 0.19.0-9-gfd783f2 (webtiles) character file.

46 dobroeutro the Shooter (level 3, -3/29 HPs)
             Began as a Centaur Hunter on Nov 7, 2016.
             Slain by Sigmund
             ... wielding a +0 scythe
              (12 damage)
             ... on level 2 of the Dungeon.
             The game lasted 00:01:42 (1386 turns).

dobroeutro the Shooter (Centaur Hunter)             Turns: 1386, Time: 00:01:43

Health: -3/29      AC:  5    Str: 14    XL:     3   Next: 46%
Magic:  3/3        EV:  9    Int: 10    God:
Gold:   76         SH:  0    Dex: 10    Spells: 0 memorised, 2 levels left

rFire  . . .     SeeInvis .     o - +2 dagger (drain)
rCold  . . .     Gourm    .     c - +0 leather armour
rNeg   . . .     Faith    .     (no shield)
rPois  .         Spirit   .     e - +0 hat
rElec  .         Reflect  .     (no cloak)
rCorr  .         Harm     .     l - +0 pair of gloves
MR     +....                    (no barding)
Stlth  ..........               (no amulet)
                                (no ring)
                                k - ring of protection from magic

@: confused, drained, very quick
A: hooves 3, deformed body, speed 2, tough skin 3
a: no special abilities


You were on level 2 of the Dungeon.
You were not hungry.

You visited 1 branch of the dungeon, and saw 2 of its levels.

You collected 76 gold pieces.

Inventory:

Hand Weapons
 a - a +1 shortbow
 o - a +2 dagger of draining (weapon)
Missiles
 d - 37 arrows
Armour
 c - a +0 leather armour (worn)
 e - a +0 hat (worn)
 l - a +0 pair of gloves (worn)
Jewellery
 k - a ring of protection from magic (left hand)
Scrolls
 h - 2 scrolls of remove curse {unknown}
 i - a scroll of magic mapping {unknown}
 j - 2 scrolls of identify {unknown}
 n - a scroll of enchant armour {unknown}
Potions
 b - a potion of resistance {unknown}
 q - a potion of cure mutation {unknown}
 r - a potion of magic {unknown}
Comestibles
 f - 2 bread rations
 g - 2 meat rations
 m - 2 fruits
 p - a chunk of flesh


   Skills:
 - Level 2.0(1.8) Fighting
 + Level 0.3(0.1) Short Blades
 + Level 6.9(6.7) Bows
 - Level 1.3(1.2) Dodging
 - Level 0.4(0.2) Stealth


You had 2 spell levels left.
You didn't know any spells.

Dungeon Overview and Level Annotations

Branches:
Dungeon (2/15)

Altars:

Annotations:
D:2 Sigmund


Innate Abilities, Weirdness & Mutations

You have hooves in place of feet.
Armour fits poorly on your strangely shaped body.
You cover ground very quickly.
You have extremely tough skin. (AC +3)


Message History

You completely miss Sigmund.
Sigmund is moderately wounded.
The hobgoblin hits you but does no damage.
Sigmund hits you with a scythe.
A rat comes into view.
The hobgoblin hits you.
* * * LOW HITPOINT WARNING * * *
The rat moves out of view.
Sigmund points at you and mumbles some strange words.
You are confused.
Found a stone staircase leading up.
You completely miss the hobgoblin. The hobgoblin closely misses you. x2
You miss the hobgoblin. The hobgoblin closely misses you.
The hobgoblin barely misses you.
You bump into the rock wall.
Sigmund barely misses you. The hobgoblin closely misses you.
You hit the hobgoblin. You drain the hobgoblin!
You kill the hobgoblin!
Sigmund hits you from afar with a scythe!
You die...

........# #.#
#######.#####.####..
####.).....##<..##
##....########.#.. #...###
### ##.#.# #...# #.. ....
#..(# #.# #..# #...#
#.####..# #...#
#.##..@.### #...#
#.##...rg<#
###.†.#####.##...@..#
.................%..##...
.............#.##......)..
.............#.##.#.##....
#.......###.##.##.#.# ...
#.#...#.# #.##......# ##
#.#...#.# .....##.###


You could see Sigmund, a hobgoblin and a rat.

Vanquished Creatures
  An adder (D:2)
  An ooze (D:1)
  2 dart slugs (D:1)
  2 leopard geckos
  A giant cockroach (D:2)
  6 goblins
  4 hobgoblins
  A quokka (D:2)
  4 bats
  2 frilled lizards
  3 kobolds
27 creatures vanquished.

Notes
Turn   | Place    | Note
-------+----------+-------------------------------------------
     0 | D:1      | dobroeutro the Centaur Hunter began the quest for the Orb.
     0 | D:1      | Reached XP level 1. HP: 17/17 MP: 1/1
   236 | D:1      | Reached XP level 2. HP: 5/24 MP: 2/2
   254 | D:1      | Reached skill level 6 in Bows
  1092 | D:2      | Reached XP level 3. HP: 15/29 MP: 3/3
  1371 | D:2      | Noticed Sigmund
  1386 | D:2      | Slain by Sigmund

Skill      XL: |  1  2 |
---------------+-------+-----
Bows           | 6 |  6.9
Fighting       | |  2.0
Short Blades   | |  0.3
Dodging        | |  1.3
Stealth        | |  0.4

Action                   || total
-------------------------++-------
Melee: Short sword       ||    75
       Kick              ||    17
       Dagger            ||    26
 Fire: Shortbow          ||     8
  Eat: Chunk             ||     1
Armor: Leather armour    ||    37
Dodge: Dodged            ||    66
